 Dungeon Crawl Stone Soup version 0.20.1-1-g8b1a95d (webtiles) character file.

671758 equalderp2856 the Axe Maniac (level 27, -25/261 HPs)
             Began as a Minotaur Fighter on Oct 21, 2017.
             Killed from afar by an ancient lich (63 damage)
             ... with a bolt of cold
             ... on level 9 of a ziggurat on Oct 22, 2017.
             The game lasted 06:55:26 (122351 turns).

equalderp2856 the Axe Maniac (Minotaur Fighter)   Turns: 122351, Time: 06:55:28

Health: -25/261    AC: 44    Str: 29    XL:     27
Magic:  0/36       EV: 17    Int: 15    God:
Gold:   5366       SH: 27    Dex: 13    Spells: 34/47 levels left

rFire    + . .     SeeInvis .   j - +9 broad axe (chop)
rCold    . . .     Gourm    .   T - +0 large shield {rF+}
rNeg     . . .     Faith    .   m - +13 plate armour of the Engineer {Str+4 Int+3 Dex-2}
rPois    .         Spirit   +   b - +2 hat {MR+}
rElec    .         Reflect  .   O - +2 cloak
rCorr    .         Harm     .   Y - +2 pair of gloves {Str+3}
MR       +++..                  M - +2 pair of boots
Stlth    ..........             F - amulet of guardian spirit
Regen    0.6/turn               (no ring)
MPRegen  0.3/turn               G - +6 ring of evasion

@: about to teleport, drained
A: retaliatory headbutt, horns 2, wild magic 1
}: 3/15 runes: barnacled, silver, gossamer
a: no special abilities


You were on level 9 of a ziggurat.
You were not hungry.

You visited 11 branches of the dungeon, and saw 49 of its levels.
You visited 1 ziggurat, and saw 9 of its levels.
You also visited: Sewer, Ice Cave, Volcano and Wizlab.

You collected 6512 gold pieces.
You spent 1146 gold pieces at shops.

Inventory:

Hand Weapons
 a - a +1 hand crossbow of freezing
 j - a +9 broad axe of chopping (weapon)
 x - a +5 vampiric battleaxe
 J - a +9 trident of piercing
 R - a +4 war axe of chopping
 X - the +9 trident of the Hidden Vale {flame, rC+ Int+5 Dex+3 Stlth-}
   (You found it on level 6 of a ziggurat)

   It has been specially enchanted to burn those struck by it, causing extra
   injury to most foes and up to half again as much damage against particularly
   susceptible opponents.
   It affects your intelligence (+5).
   It affects your dexterity (+3).
   It protects you from cold.
   It makes you less stealthy.
Armour
 b - a +2 hat of magic resistance (worn)
 m - the +13 plate armour of the Engineer (worn) {Str+4 Int+3 Dex-2}
   (You found it in a wizard's laboratory)

   It affects your strength (+4).
   It affects your intelligence (+3).
   It affects your dexterity (-2).
 A - a +1 shield of protection
 H - the +5 ring mail of the Beggar {Str+8}
   (You found it in a wizard's laboratory)

   It affects your strength (+8).
 M - a +2 pair of boots (worn)
 O - a +2 cloak (worn)
 P - the +2 shield "Visoer" {*Drain rPois rN+++ Dex-3}
   (You found it on level 2 of the Elven Halls)

   It affects your dexterity (-3).
   It protects you from poison.
   It renders you almost immune to negative energy.
   It causes draining when unequipped.
 T - a +0 large shield of fire resistance (worn)
 Y - a +2 pair of gloves of strength (worn)
Magical Staves
 y - an uncursed staff of earth
Jewellery
 q - an uncursed ring of protection from fire
 r - an uncursed ring of protection from magic
 u - an uncursed ring of resist corrosion
 F - an amulet of guardian spirit (around neck)
 G - a +6 ring of evasion (right hand)
 U - a +5 ring of protection
Wands
 t - a wand of clouds (3/9)
 W - a wand of scattershot (4/9)
Scrolls
 g - 10 scrolls of blinking
 h - 16 scrolls of teleportation
 k - a scroll of acquirement
 l - 10 scrolls of remove curse
 o - 12 scrolls of magic mapping
 p - 4 scrolls of immolation
 w - 9 scrolls of fear
 L - a scroll of brand weapon
Potions
 c - 7 potions of ambrosia
 d - 10 potions of might
 e - 13 potions of haste
 i - 5 potions of berserk rage
 n - 14 potions of curing
 s - 3 potions of magic
 v - a potion of cancellation
 z - 5 potions of heal wounds
 C - 2 potions of brilliance
 E - a potion of invisibility
 N - 5 potions of resistance
 V - a potion of mutation
 Z - 6 potions of agility
Books
 B - a book of Power

   Spells                             Type                      Level
   a - Iskenderun's Battlesphere      Conjuration/Charms           5
   b - Venom Bolt                     Conjuration/Poison           5
   c - Bolt of Magma                  Conjuration/Fire/Earth       5
   d - Iron Shot                      Conjuration/Earth            6
   e - Orb of Destruction             Conjuration                  7
   f - Spellforged Servitor           Conjuration/Summoning        7
 S - a book of Air

   Spells                             Type                      Level
   a - Shock                          Conjuration/Air              1
   b - Swiftness                      Charms/Air                   2
   c - Static Discharge               Conjuration/Air              3
   d - Airstrike                      Air                          4
   e - Lightning Bolt                 Conjuration/Air              5
Miscellaneous
 D - a lamp of fire
 I - 2 phantom mirrors
 Q - a lightning rod (4/4)
Comestibles
 f - 22 bread rations
 K - 4 meat rations


   Skills:
 + Level 24.2(22.4) Fighting
 O Level 27(25.1) Axes
 - Level 10.0(18.7) Polearms
 + Level 20.0(18.4) Armour
 + Level 6.6(5.3) Dodging
 + Level 2.4(1.3) Stealth
 O Level 27(25.1) Shields
 + Level 0.4(0.0) Unarmed Combat
 + Level 10.6(9.2) Spellcasting
 * Level 10.2(8.8) Charms
 * Level 11.1(9.7) Translocations
 * Level 10.1(8.8) Evocations


You had 34 spell levels left.
You knew the following spells:

 Your Spells              Type           Power        Failure   Level  Hunger
a - Magic Dart            Conj           #...         54%         1    None
b - Blink                 Tloc           N/A          2%          2    None
c - Stone Arrow           Conj/Erth      #.....       88%         3    #......
d - Ozocubu's Armour      Chrm/Ice       ####....     32%         3    #......
e - Swiftness             Chrm/Air       ####....     17%         2    None
f - Passwall              Tmut/Erth      #.........   67%         2    None


Dungeon Overview and Level Annotations

Branches:
Dungeon (15/15)            Temple (0/1) D:6            Lair (6/6) D:8
 Shoals (4/4) Lair:4       Spider (4/4) Lair:4        Slime (0/5) Lair:6
    Orc (2/2) D:11            Elf (3/3) Orc:2        Vaults (5/5) D:13
  Crypt (3/3) Vaults:2       Tomb (1/3) Crypt:3      Depths (5/5) D:15
   Hell (1/1)                 Dis (0/7) Hell            Geh (0/7) Hell
    Coc (0/7) Hell            Tar (0/7) Hell            Zot (0/5) Depths:5

Altars:
Ashenzari
Cheibriados
Fedhas
Hepliaklqana
Kikubaaqudgha
Nemelex Xobeh
Okawaru
Vehumet
Yredelemnul
The Shining One
Beogh
Jiyva
Lugonu

Shops:
D:4 [   D:13 *   Orc:2 [}![   Shoals:1 (   Vaults:5 ??}?[[?

Portals:
Hell: Depths:1 Depths:2 Depths:3 Depths:4 Depths:5
Abyss: Depths:4
Pandemonium: Depths:1 Depths:3 Depths:5
Bazaar: Shoals:4

Annotations:
Shoals:2 exclusion: downstairs
Shoals:3 exclusion: Roxanne, Roxanne
Depths:4 1 runed door


Innate Abilities, Weirdness & Mutations

You reflexively headbutt those who attack you in melee.
You have a pair of horns on your head.
Your spells are a little harder to cast, but a little more powerful.


Message History

* * * LOW HITPOINT WARNING * * *
You block something's attack.
You hear some strange, mumbled words.
A lance of force appears from out of thin air!
The lance of force misses you.
You barely miss something. You headbutt something.
You hit something but do no damage. You slash the hell beast!
You hit something. Something hits you!
* * * LOW HITPOINT WARNING * * *
You block something's attack. You block the hell beast's attack. x2
The reaper hits you from afar with a vampiric scythe!
* * * LOW HITPOINT WARNING * * *
Okay, then.
As you read the scroll of teleportation, it crumbles to dust.
You feel strangely unstable.
Unholy energy fills the air.
* * * LOW HITPOINT WARNING * * *
You hear some strange, mumbled words.
A bolt of cold appears from out of thin air!
The bolt of cold hits you!
You die...

▓▓▓▓▓▓▓▓▓▓▓
▓▓.2@{.....▓▓
▓▓...{{......▓▓
▓▓.....2.......▓▓
▓▓.....#...#....=▓
▓▓........)..§...:∩
▓.∩.........§§...!>
▓▓...........§...=∩
▓▓.....#...#....)▓
▓▓.............▓▓


You could see a hell beast and a reaper.

Vanquished Creatures
  An ancient lich (Zig:9)
  A pandemonium lord (Zig:5)
  Sojobo (Vaults:4)
  4 greater mummies
  Boris (Depths:4)
  Bai Suzhen (Spider:1)
  Geryon (Hell)
  Xtahua (Depths:5)
  5 golden dragons
  7 liches
  3 tentacled monstrosities
  2 deep elf blademasters
  5 titans (Vaults:5)
  2 deep elf master archers
  3 acid blobs (Zig:8)
  3 quicksilver dragons
  Frances (D:13)
  Gastronok (Lair:2)
  12 sphinxes
  An Executioner (Zig:5)
  The ghost of ThereIsNoGod the Bludgeoner, an adept TrFi of Okawaru (Spider:4)
  7 shadow dragons
  Agnes (Spider:2)
  7 ancient champions
  6 revenants
  5 storm dragons
  2 nagarajas (Zig:6)
  A draconian monk (Depths:5)
  A warmonger (Zig:5)
  8 deep elf sorcerers
  Ilsuiw (Shoals:4)
  13 tengu reavers
  10 fire giants
  2 iron dragons
  10 frost giants
  5 ghost moths (Spider:4)
  19 vault wardens
  A balrug (Zig:7)
  An orc warlord (D:11)
  12 ghouls
  A draconian scorcher (Depths:5)
  A draconian shifter (Depths:5)
  5 emperor scorpions
  3 curse skulls
  2 war gargoyles
  A cacodemon (Depths:3)
  24 ironheart preservers
  6 deep elf elementalists (Elf:3)
  A spriggan defender (Depths:4)
  5 entropy weavers
  13 very ugly things
  7 reapers
  8 vampire knights
  25 stone giants
  2 green draconians (Depths:5)
  7 deep elf annihilators
  11 deep elf demonologists
  A black draconian (Depths:5)
  The ghost of Agrougrou the Basher, a journeyman OgGl of Okawaru (D:11)
  A red draconian (Depths:5)
  A dire elephant (Lair:4)
  A purple draconian (Depths:5)
  10 spark wasps
  A lorocyproca (Hell)
  A white draconian (Depths:5)
  Azrael (Spider:2)
  16 ettins
  6 eidola
  The ghost of Ymberto the Spear-Bearer, a journeyman HOFi of the Shining One (Lair:3)
  2 blizzard demons (Hell)
  7 mummy priests
  8 deep elf death magi
  8 merfolk javelineers
  10 fire dragons
  An ettin (shapeshifter) (Vaults:5)
  Erolcha (D:9)
  4 deep elf high priests
  13 great orbs of eyes
  6 jiangshi
  19 merfolk impalers
  28 yaktaur captains
  A fire dragon (shapeshifter) (D:13)
  2 quicksilver dragon zombies
  7 hydras
  32 vault guards
  Harold (Lair:4)
  The ghost of Haldmier the Cleaver, a journeyman FoAK of Lugonu (D:10)
  An ice dragon (shapeshifter) (Depths:2)
  14 ice dragons
  3 quicksilver dragon skeletons
  A hell beast (Hell)
  8 death knights
  6 spriggan air magi
  6 merfolk avatars
  8 rakshasas
  A monstrous demonspawn (Depths:3)
  9 centaur warriors
  38 dancing weapons
  2 catoblepae
  23 ogre magi
  15 deep troll earth magi
  4 satyrs
  The ghost of markt42 the Spear-Bearer, a journeyman GrFi of Okawaru (D:11)
  17 death yaks
  13 deep troll shamans
  75 two-headed ogres
  7 merfolk aquamancers
  6 tengu warriors
  12 hell hogs (Hell)
  An alligator (Zig:3)
  3 large abominations (Vaults:4)
  13 vampire magi
  3 orc high priests
  36 death scarabs
  3 naga sharpshooters
  A shock serpent (shapeshifter) (Vaults:5)
  Nergalle (Orc:2)
  A shock serpent (Zig:2)
  2 iron golems (Hell)
  26 deep elf knights
  8 small abominations
  9 soul eaters
  2 sun demons (Hell)
  A salamander mystic (Depths:4)
  18 shadow wraiths
  4 spriggan berserkers
  4 iron trolls
  34 skeletal warriors
  A spark wasp zombie (Crypt:3)
  46 deep trolls
  A ghost moth zombie (Crypt:2)
  2 glowing orange brains
  6 hell knights
  A spriggan druid (Zig:3)
  2 storm dragon skeletons
  A gelid demonspawn (Depths:3)
  18 sea snakes
  A deep troll (shapeshifter) (Depths:1)
  11 flayed ghosts
  2 swamp dragons
  An anaconda zombie (Crypt:3)
  2 wizards
  An iron giant skeleton (Crypt:2)
  A naga ritualist (Zig:6)
  7 unseen horrors
  16 ironbrand convokers
  5 spectral wolf spiders (Spider:4)
  15 deep elf archers
  An orange crystal statue (Vaults:2)
  3 anaconda skeletons
  A stone giant zombie (Vaults:3)
  3 lindwurms
  17 orc knights
  13 necromancers
  A wolf spider zombie (Spider:4)
  24 phantasmal warriors
  77 deep elf magi
  15 orc sorcerers
  An iron dragon zombie (WizLab)
  12 orb spiders
  A manticore (shapeshifter) (Elf:2)
  2 tengu skeletons
  2 fire giant zombies
  29 harpies
  2 frost giant zombies
  29 wolf spiders
  15 manticores
  A spectral shock serpent (Crypt:3)
  6 salamanders
  45 ugly things
  10 cyclopes
  An iron dragon skeleton (Depths:3)
  4 stone giant skeletons
  A guardian serpent (Zig:2)
  2 moths of wrath (Spider:4)
  A sphinx skeleton (Vaults:3)
  A faun (Shoals:2)
  A moth of wrath (shapeshifter) (Vaults:5)
  A mana viper (shapeshifter) (Vaults:5)
  5 ice statues
  7 merfolk sirens
  A smoke demon (Depths:4)
  17 vault sentinels
  2 black mambas (shapeshifter)
  A naga mage (Zig:6)
  6 rust devils
  2 eyes of devastation (Zig:8)
  A fire giant skeleton (Depths:2)
  30 elephants
  15 water nymphs
  A molten gargoyle (D:13)
  3 gargoyles
  5 black mambas
  16 spiny frogs
  5 torpor snails
  A komodo dragon (shapeshifter) (Depths:4)
  4 spriggan zombies (WizLab)
  98 yaktaurs
  An orange demon (Zig:5)
  A rime drake (shapeshifter) (D:14)
  13 demonic crawlers
  An efreet (D:14)
  An iron troll zombie (Crypt:1)
  A yaktaur zombie (WizLab)
  4 hellions
  4 spectral redbacks (Spider:4)
  3 rime drakes
  A tormentor (Zig:7)
  14 freezing wraiths
  7 komodo dragons
  4 red devils
  A yaktaur (shapeshifter) (D:15)
  17 guardian mummies
  A hydra zombie (Hell)
  The ghost of Mesmaeker13 the Sneak, a novice KoAs of Ashenzari (D:5)
  10 ice devils
  2 redback zombies
  3 harpy zombies (Shoals:4)
  2 pale draconian skeletons
  An elf skeleton (Depths:2)
  A catoblepas skeleton (Crypt:2)
  2 hellwings
  41 merfolk
  6 tengu conjurers
  10 trolls
  A shadow dragon simulacrum (Vaults:3)
  A troll (shapeshifter) (D:15)
  35 jumping spiders
  9 wind drakes
  A wind drake (shapeshifter) (Vaults:1)
  A tengu simulacrum (Depths:2)
  16 hornets
  A polar bear (Lair:6)
  A blink frog (shapeshifter) (D:15)
  An alligator zombie (Crypt:2)
  3 hydra skeletons
  12 snapping turtles
  4 spectral tarantellas (Spider:4)
  Prince Ribbit (D:9)
  A spectral jumping spider (Spider:4)
  A deep troll zombie (WizLab)
  19 dream sheep
  A satyr zombie (Crypt:2)
  11 blink frogs
  2 stone giant simulacra
  4 bog bodies (Crypt:3)
  49 slime creatures
  3 tarantella zombies (Spider:4)
  A snapping turtle (shapeshifter) (Vaults:5)
  2 human simulacra (Vaults:3)
  An ice dragon zombie (WizLab)
  14 hippogriffs
  A frost giant simulacrum (Vaults:2)
  An alligator skeleton (Crypt:2)
  91 redbacks
  23 flying skulls
  7 wyverns
  A slime creature (shapeshifter) (D:15)
  2 fire giant simulacra
  31 water elementals
  11 shadows
  An ice dragon skeleton (Crypt:2)
  A dire elephant simulacrum (Crypt:2)
  2 spriggans (shapeshifter)
  3 spriggans
  7 ushabtiu (Tomb:1)
  17 air elementals
  33 tarantellas
  11 wraiths
  3 vampires
  30 yaks
  A human (shapeshifter) (Vaults:2)
  16 fire elementals
  4 hogs (D:7)
  A human (D:7)
  A golden eye (Zig:8)
  7 fire bats (Volcano)
  3 basilisks
  11 hungry ghosts
  A golden eye (shapeshifter) (Vaults:3)
  5 vampire mosquitoes
  14 wargs
  2 basilisks (shapeshifter)
  Menkaure (D:4)
  3 steam dragons (Volcano)
  An infernal demonspawn zombie (WizLab)
  A naga (Zig:6)
  7 acid dragons
  A gelid demonspawn zombie (WizLab)
  Edmund (D:6)
  2 tengu zombies
  14 water moccasins
  A hydra simulacrum (Crypt:2)
  10 hell hounds
  An acid dragon (shapeshifter) (D:15)
  12 porcupines
  A spiny frog zombie (Crypt:1)
  A floating eye (shapeshifter) (Vaults:4)
  A merfolk skeleton (Crypt:1)
  A monstrous demonspawn skeleton (Crypt:3)
  2 hornet zombies (Spider:4)
  40 orc warriors
  3 spectral hornets (Spider:4)
  A swamp drake (Lair:3)
  5 ice beasts
  4 sky beasts
  An eye of draining (D:12)
  An orc zombie (Vaults:1)
  3 black bears
  A porcupine (shapeshifter) (Depths:2)
  An elf zombie (Vaults:4)
  A black mamba simulacrum (Crypt:2)
  31 boggarts
  11 wolves
  2 phantoms
  13 centaurs
  An ettin simulacrum (Vaults:4)
  A fire dragon simulacrum (Crypt:2)
  66 ogres
  5 necrophages
  2 orc skeletons (Vaults:2)
  A hippogriff zombie (Shoals:4)
  25 crocodiles
  4 human zombies
  20 bullfrogs
  4 big kobolds
  2 gnoll sergeants
  3 earth elementals
  3 glowing shapeshifter simulacra
  A human skeleton (Vaults:2)
  3 wyvern zombies
  3 yaktaur skeletons
  A cyclops skeleton (Crypt:2)
  6 scorpions
  5 killer bees (D:10)
  A raiju zombie (Crypt:1)
  5 wights
  4 howler monkeys
  A polar bear skeleton (Crypt:3)
  4 electric eels
  4 lava snakes (D:13)
  4 centaur zombies
  A yaktaur simulacrum (Vaults:1)
  7 bullfrog zombies
  16 crimson imps
  3 jellies
  3 centaur skeletons
  9 hounds
  Crazy Yiuf (D:4)
  13 orc priests
  5 iron imps
  A bullfrog skeleton (D:9)
  6 iguanas
  30 orc wizards
  A lightning spire (Zig:9)
  16 worker ants
  2 crocodile skeletons (Crypt:3)
  A big kobold zombie (Crypt:2)
  A deep dwarf skeleton (Crypt:1)
  2 howler monkey zombies
  30 mummies
  Robin (D:3)
  2 worker ant zombies
  A howler monkey skeleton (D:7)
  23 gnolls
  A steam dragon zombie (Crypt:1)
  16 adders
  4 river rats (Sewer)
  A shadow imp (Depths:2)
  10 white imps (IceCv)
  7 ufetubi (IceCv)
  4 oozes
  An adder skeleton (D:7)
  2 worms
  A dart slug (D:4)
  6 leopard geckos
  103 orcs
  2 ball pythons
  A bat (D:1)
  12 giant cockroaches
  17 goblins
  14 hobgoblins
  14 jackals
  22 kobolds
  3 quokkas
  2 frilled lizards (D:1)
  A frilled lizard zombie (Crypt:3)
  A jackal skeleton (D:4)
  2 jackal zombies
  A leopard gecko skeleton (D:5)
  3 quokka skeletons
  8 rats
  A river rat skeleton (Crypt:3)
  3 crawling corpses (Vaults:5)
  6 fungi
  38 plants
3136 creatures vanquished.

Vanquished Creatures (others)
  Asterion (Elf:2)
  2 sphinxes (Tomb:1)
  An ogre mage (Depths:1)
  2 deep elf magi
  A manticore (Shoals:4)
  A merfolk (Shoals:4)
  A hippogriff (D:14)
  A redback (Spider:3)
  2 tarantellas
  2 wraiths
  An air elemental (Depths:5)
  A wyvern (D:9)
  A steam dragon (Volcano)
  An orc warrior (Elf:3)
  3 ogres (Depths:2)
  2 boggarts
  2 orc wizards (Orc:2)
  3 white imps (IceCv)
  An ufetubus (IceCv)
  2 fire vortices (D:13)
  42 fungi
  50 plants
123 creatures vanquished.

Grand Total: 3259 creatures vanquished

Notes
Turn   | Place    | Note
-------+----------+-------------------------------------------
     0 | D:1      | equalderp2856 the Minotaur Fighter began the quest for the Orb.
     0 | D:1      | Reached XP level 1. HP: 19/19 MP: 0/0
   117 | D:1      | Reached XP level 2. HP: 27/27 MP: 1/1
   621 | D:1      | Reached XP level 3. HP: 33/33 MP: 2/2
   786 | D:2      | Found a glowing golden altar of the Shining One.
  1234 | D:2      | Reached XP level 4. HP: 37/40 MP: 3/3
  1473 | D:3      | Noticed Robin
  1490 | D:3      | Killed Robin
  1777 | D:3      | Reached XP level 5. HP: 18/46 MP: 4/4
  2836 | D:4      | Reached skill level 5 in Axes
  2862 | D:4      | Found Liatwine's Antique Armour Shop.
  2868 | D:4      | Noticed Menkaure
  2954 | D:4      | HP: 1/47 [orc wizard/puff of flame (6)]
  2968 | D:4      | HP: 2/47 [something/magic dart (6)]
  3377 | D:4      | Reached skill level 5 in Armour
  3377 | D:4      | Reached skill level 5 in Shields
  3612 | D:4      | Reached XP level 6. HP: 40/53 MP: 5/5
  4061 | D:4      | Found an iron altar of Okawaru.
  4170 | D:4      | Found a runed door.
  4574 | D:4      | Noticed Crazy Yiuf
  4587 | D:4      | Killed Crazy Yiuf
  4726 | D:5      | Entered Level 5 of the Dungeon
  4788 | D:5      | Noticed Mesmaeker13's ghost (novice KoAs)
  4789 | D:5      | Noticed an ice beast
  4811 | D:5      | Killed an ice beast
  4811 | D:5      | Reached skill level 1 in Dodging
  4811 | D:5      | Reached XP level 7. HP: 20/60 MP: 6/6
  4842 | D:5      | Killed Mesmaeker13's ghost
  4842 | D:5      | Reached skill level 5 in Fighting
  5049 | D:5      | Found a glowing drain.
  5073 | Sewer    | Entered a sewer
  5356 | Sewer    | Reached XP level 8. HP: 67/68 MP: 7/7
  6126 | D:5      | Found a basalt altar of Yredelemnul.
  6272 | D:6      | Noticed Edmund
  6282 | D:6      | Killed Edmund
  6310 | D:6      | Found a staircase to the Ecumenical Temple.
  6947 | D:6      | Reached XP level 9. HP: 77/77 MP: 8/8
  6982 | D:7      | Found a hazy altar of Hepliaklqana.
  7103 | D:7      | Got a warped trident
  7104 | D:7      | Identified the +9 trident "Vejachoz" {venom, Dex+2} (You found it on level 7 of the Dungeon)
  7217 | D:7      | Reached skill level 1 in Polearms
  7308 | D:7      | Found a basalt altar of Yredelemnul.
  7962 | D:4      | Killed Menkaure
  8095 | D:4      | Bought a pair of glowing boots for 187 gold pieces
  8095 | D:4      | Bought a pair of embroidered boots for 187 gold pieces
  8418 | D:8      | Found a blossoming altar of Fedhas.
  8439 | D:8      | Reached skill level 5 in Polearms
  8444 | D:8      | Noticed a two-headed ogre
  8453 | D:8      | Killed a two-headed ogre
  8453 | D:8      | Reached XP level 10. HP: 79/85 MP: 9/9
  8499 | D:8      | Noticed a two-headed ogre
  8509 | D:8      | Killed a two-headed ogre
  8863 | D:8      | Found a staircase to the Lair.
  9184 | D:9      | Reached skill level 10 in Axes
  9352 | D:9      | Noticed Prince Ribbit
  9362 | D:9      | Killed Prince Ribbit
  9483 | D:9      | Noticed Erolcha
  9491 | D:9      | Killed Erolcha
  9720 | D:9      | Reached skill level 10 in Armour
  9720 | D:9      | Reached XP level 11. HP: 75/94 MP: 10/10
 10065 | D:9      | Found a snail-covered altar of Cheibriados.
 10331 | D:10     | Entered Level 10 of the Dungeon
 10374 | D:10     | Reached skill level 10 in Shields
 10392 | D:10     | Reached skill level 1 in Stealth
 10514 | D:10     | Noticed Haldmier's ghost (journeyman FoAK)
 10540 | D:10     | Killed Haldmier's ghost
 11490 | D:11     | Noticed a two-headed ogre
 11506 | D:10     | Killed a two-headed ogre
 11528 | D:11     | Noticed a green ugly thing
 11537 | D:11     | Killed a green ugly thing
 11537 | D:11     | Reached skill level 10 in Fighting
 11547 | D:11     | Killed an unseen horror
 11558 | D:11     | Noticed markt42's ghost (journeyman GrFi)
 11559 | D:11     | Found a frozen archway.
 11595 | D:11     | Killed markt42's ghost
 11745 | IceCv    | Entered an ice cave
 11803 | IceCv    | Reached XP level 12. HP: 31/107 MP: 11/11
 14508 | IceCv    | Noticed a reaper
 14850 | D:11     | Noticed Agrougrou's ghost (journeyman OgGl)
 14892 | D:11     | HP: 5/107 [Agrougrou's ghost (18)]
 14909 | D:11     | HP: 1/107 [orc priest/divine providence (9)]
 15268 | D:11     | Found a staircase to the Orcish Mines.
 15269 | D:11     | Found a roughly hewn altar of Beogh.
 15400 | Orc:1    | Entered Level 1 of the Orcish Mines
 15403 | Orc:1    | Noticed an orc warlord
 15609 | D:11     | Killed an orc warlord
 16023 | Orc:2    | Entered Level 2 of the Orcish Mines
 16330 | Orc:2    | Noticed an orc high priest
 16341 | Orc:2    | Killed an orc high priest
 16882 | Orc:2    | Found a staircase to the Elven Halls.
 17239 | Orc:2    | Found Ehuhaly's Distillery.
 17447 | Orc:2    | Found Oryboocy's Antique Armour Emporium.
 17491 | Orc:2    | Bought a potion of degeneration for 11 gold pieces
 17508 | Orc:2    | Found a radiant altar of Vehumet.
 17509 | Orc:2    | Noticed an ogre mage
 17525 | Orc:2    | Killed an ogre mage
 17542 | Orc:2    | Reached XP level 13. HP: 77/116 MP: 12/12
 17558 | Orc:2    | Noticed Nergalle
 17589 | Orc:2    | Found Kahuc's Antique Armour Emporium.
 17589 | Orc:2    | Found a roughly hewn altar of Beogh.
 17589 | Orc:2    | Found Noych's Gadget Shoppe.
 17822 | Orc:2    | Found an ancient bone altar of Kikubaaqudgha.
 17851 | Orc:2    | Killed Nergalle
 18511 | D:11     | Found a sparkling altar of Nemelex Xobeh.
 19389 | Lair:1   | Entered Level 1 of the Lair of Beasts
 20850 | Lair:2   | Noticed Gastronok
 20862 | Lair:2   | Killed Gastronok
 21509 | Lair:3   | Found a dark tunnel.
 21535 | Volcano  | Entered a volcano
 21867 | Volcano  | Reached skill level 15 in Axes
 21986 | Volcano  | Noticed a fire dragon
 22008 | Volcano  | Killed a fire dragon
 23019 | Lair:3   | Noticed Ymberto's ghost (journeyman HOFi)
 23050 | Lair:3   | Killed Ymberto's ghost
 23050 | Lair:3   | Reached skill level 1 in Evocations
 24391 | Lair:4   | Found a hole to the Spider Nest.
 24456 | Lair:4   | Reached XP level 14. HP: 109/126 MP: 14/14
 25327 | Lair:4   | Found a staircase to the Shoals.
 25762 | Lair:4   | Noticed Harold
 25791 | Lair:4   | Killed Harold
 28138 | Lair:5   | Reached skill level 1 in Spellcasting
 28237 | Lair:5   | Learned a level 1 spell: Magic Dart
 28240 | Lair:5   | Learned a level 2 spell: Blink
 28733 | Lair:6   | Entered Level 6 of the Lair of Beasts
 28737 | Lair:6   | Found a viscous altar of Jiyva.
 28737 | Lair:6   | Found a staircase to the Slime Pits.
 29039 | Lair:6   | Reached skill level 15 in Armour
 29098 | Lair:6   | Reached XP level 15. HP: 138/138 MP: 15/17
 30826 | Lair:1   | Learned a level 3 spell: Stone Arrow
 30995 | Shoals:1 | Entered Level 1 of the Shoals
 31452 | Shoals:1 | Reached skill level 15 in Shields
 31547 | Shoals:1 | Found Yruoff's Weapon Emporium.
 33676 | Shoals:3 | Noticed Roxanne
 33754 | Shoals:4 | Entered Level 4 of the Shoals
 34329 | Shoals:3 | Reached XP level 16. HP: 115/147 MP: 17/20
 34886 | Shoals:3 | Reached skill level 15 in Fighting
 37146 | Shoals:3 | Reached skill level 10 in Polearms
 38244 | Shoals:4 | Noticed Ilsuiw
 38912 | Shoals:4 | Killed Ilsuiw
 38912 | Shoals:4 | Reached skill level 5 in Spellcasting
 39181 | Shoals:4 | Got a barnacled rune of Zot
 40089 | Shoals:4 | Found a gateway to a bazaar.
 40360 | Shoals:3 | Reached XP level 17. HP: 153/156 MP: 7/23
 45438 | D:11     | Killed Agrougrou's ghost
 46274 | Lair:1   | Identified a scroll of acquirement
 46575 | D:12     | Paralysed by fainting for 10 turns
 46586 | D:12     | Paralysed by fainting for 10 turns
 47370 | D:13     | Noticed Frances
 47382 | D:13     | Killed Frances
 47462 | D:13     | Found a gate to the Vaults.
 47811 | D:13     | Found Ixkekkat's General Store.
 47815 | D:13     | Bought a scroll of identify for 28 gold pieces
 48405 | D:13     | Identified the Tome of Heat and Clay
 49435 | D:15     | Entered Level 15 of the Dungeon
 50897 | D:15     | Found a staircase to the Depths.
 51718 | Spider:1 | Entered Level 1 of the Spider Nest
 52073 | Spider:1 | Reached XP level 18. HP: 37/168 MP: 2/26
 52075 | Spider:1 | HP: 5/168 [tarantella (8)]
 53623 | Spider:2 | Noticed Agnes
 53643 | Spider:2 | Killed Agnes
 54137 | Spider:3 | Noticed Azrael
 54425 | Spider:3 | Noticed Bai Suzhen
 56398 | Spider:1 | Killed Bai Suzhen
 57087 | Spider:2 | Killed Azrael
 57471 | Spider:4 | Entered Level 4 of the Spider Nest
 57479 | Spider:4 | Noticed ThereIsNoGod's ghost (adept TrFi)
 57602 | Spider:4 | Killed ThereIsNoGod's ghost
 57729 | Spider:4 | HP: 4/170 [spark wasp (14)]
 58517 | Spider:4 | Paralysed by fainting for 6 turns
 59475 | Spider:4 | Reached XP level 19. HP: 177/177 MP: 1/29
 60729 | Spider:4 | Got a gossamer rune of Zot
 62904 | Orc:1    | Paralysed by fainting for 7 turns
 62924 | Elf:1    | Entered Level 1 of the Elven Halls
 62962 | Elf:1    | Found a radiant altar of Vehumet.
 64396 | Elf:2    | Noticed Asterion
 64417 | Elf:2    | Killed Asterion
 64713 | Elf:2    | Found a huge runed gate.
 64713 | Elf:2    | Found a huge runed gate.
 64714 | Elf:2    | Found a huge runed gate.
 64715 | Elf:2    | Found a huge runed gate.
 64716 | Elf:2    | Found a huge runed gate.
 64786 | Elf:2    | Found a magical portal.
 64846 | WizLab   | Entered Doroklohe's Tomb
 65284 | WizLab   | Noticed a greater mummy
 65309 | WizLab   | Killed a greater mummy
 66007 | WizLab   | Got a dazzling plate armour
 66016 | WizLab   | Identified the +13 plate armour of the Engineer {Str+4 Int+3 Dex-2} (You found it in a wizard's laboratory)
 66282 | WizLab   | Got a bloodstained ring mail
 66543 | WizLab   | Identified the +5 ring mail of the Beggar {Str+8} (You found it in a wizard's laboratory)
 67335 | Elf:2    | Reached XP level 20. HP: 129/186 MP: 31/31
 68127 | Lair:1   | Learned a level 3 spell: Ozocubu's Armour
 68637 | Vaults:1 | Entered Level 1 of the Vaults
 71140 | Vaults:2 | Found a staircase to the Crypt.
 71391 | Vaults:2 | Reached XP level 21. HP: 144/196 MP: 24/33
 72356 | Vaults:2 | Reached skill level 5 in Dodging
 73520 | Vaults:3 | Reached skill level 1 in Charms
 73630 | Vaults:3 | Reached skill level 1 in Translocations
 75060 | Vaults:4 | Reached XP level 22. HP: 173/206 MP: 27/34
 75386 | Vaults:4 | Noticed Sojobo
 76017 | Vaults:4 | Reached skill level 10 in Spellcasting
 76605 | Vaults:4 | Paralysed by a sphinx for 5 turns
 77158 | Vaults:4 | Killed Sojobo
 80540 | Elf:3    | Entered Level 3 of the Elven Halls
 82599 | Elf:3    | Reached XP level 23. HP: 195/215 MP: 36/36
 83731 | Elf:3    | Paralysed by fainting for 9 turns
 84270 | Elf:3    | Identified the +1 pair of gloves of Umiriexy {Str+4} (You found it on level 3 of the Elven Halls)
 86477 | Elf:2    | Got a twisted shield
 88078 | Elf:3    | Got a slimy steel amulet
 88082 | Elf:3    | Got a scorched lapis lazuli ring
 88763 | Elf:3    | Got a warped spear {protect}
 89015 | Elf:3    | Got a pitted arbalest
 90587 | Vaults:3 | Reached skill level 5 in Translocations
 93599 | Lair:1   | Identified the +2 shield "Visoer" {*Drain rPois rN+++ Dex-3} (You found it on level 2 of the Elven Halls)
 93635 | Lair:1   | Identified the ring "Avykas" {Ice Dex+3} (You took it off a deep elf annihilator on level 3 of the Elven Halls)
 94580 | Depths:1 | Entered Level 1 of the Depths
 94580 | Depths:1 | Found a one-way gate leading to the halls of Pandemonium.
 94680 | Depths:1 | Reached skill level 5 in Charms
 94777 | Depths:1 | Got a wavering bronze ring
 95683 | Depths:1 | Found a gateway to Hell.
 96455 | Depths:1 | Reached XP level 24. HP: 167/226 MP: 27/36
 97991 | Depths:3 | Found a gateway to a ziggurat.
 99410 | Depths:4 | Noticed Boris
 99456 | Depths:4 | Killed Boris
 99660 | Depths:3 | Learned a level 2 spell: Swiftness
100644 | Depths:4 | Found a shattered altar of Ashenzari.
101020 | Depths:4 | Found a runed door.
101200 | Depths:4 | Found a corrupted altar of Lugonu.
101206 | Depths:4 | Found a one-way gate to the infinite horrors of the Abyss.
101471 | Depths:4 | Reached XP level 25. HP: 228/235 MP: 36/36
101652 | Depths:5 | Entered Level 5 of the Depths
101841 | Depths:5 | Noticed Xtahua
101857 | Depths:5 | Killed Xtahua
103012 | Depths:5 | Found a gate to the Realm of Zot.
104404 | Hell     | Entered the Vestibule of Hell
104404 | Hell     | Noticed Geryon
104742 | Hell     | Killed Geryon
104846 | Hell     | Found a gateway to the ashen valley of Gehenna.
105653 | Hell     | Found a gateway to the Iron City of Dis.
105907 | Hell     | Found a gateway to the freezing wastes of Cocytus.
106046 | Hell     | Found a gateway to the decaying netherworld of Tartarus.
106507 | Vaults:1 | Reached skill level 5 in Evocations
106567 | Crypt:1  | Entered Level 1 of the Crypt
107612 | Crypt:2  | Reached XP level 26. HP: 205/246 MP: 33/36
108243 | Crypt:3  | Entered Level 3 of the Crypt
109404 | Crypt:3  | Found a staircase to the Tomb.
109614 | Crypt:3  | Found an ancient bone altar of Kikubaaqudgha.
110455 | Tomb:1   | Entered Level 1 of the Tomb of the Ancients
110612 | Tomb:1   | Reached skill level 27 in Axes
112930 | Tomb:1   | Noticed a greater mummy
113417 | Tomb:1   | Killed a greater mummy
114568 | Tomb:1   | Noticed a greater mummy
114596 | Tomb:1   | Killed a greater mummy
114761 | Tomb:1   | Noticed a greater mummy
114770 | Tomb:1   | Killed a greater mummy
114770 | Tomb:1   | Reached XP level 27. HP: 228/250 MP: 36/36
115886 | Lair:1   | Identified the ring of Crawling {Fire SInv} (You found it on level 1 of the Depths)
115900 | Lair:1   | Identified the amulet "Vaorirph" {rC+ Regen+ Str-3 Stlth+} (You took it off a deep elf sorcerer on level 3 of the Elven Halls)
116600 | Vaults:5 | Entered Level 5 of the Vaults
117217 | Vaults:5 | Reached skill level 10 in Translocations
117875 | Vaults:5 | Found Alint's Magic Scroll Shop.
117884 | Vaults:5 | Bought a scroll of fog for 34 gold pieces
117909 | Vaults:5 | Found Camerauwi's Magic Scroll Shoppe.
117923 | Vaults:5 | Found Mifevie's Antique Armour Shop.
117940 | Vaults:5 | Bought a shiny large shield for 225 gold pieces
117970 | Vaults:5 | Found Hibboar's Magic Scroll Boutique.
118185 | Vaults:5 | Got a silver rune of Zot
118725 | Vaults:5 | Found Toukla's Magic Scroll Boutique.
119243 | Vaults:5 | Found Cauheegg's Antique Armour Boutique.
119983 | Vaults:5 | Bought a scroll of blinking for 127 gold pieces
119983 | Vaults:5 | Bought a scroll of teleportation for 51 gold pieces
119983 | Vaults:5 | Bought a scroll of fear for 59 gold pieces
120002 | Vaults:5 | Bought a scroll of teleportation for 57 gold pieces
120002 | Vaults:5 | Bought a scroll of teleportation for 57 gold pieces
120002 | Vaults:5 | Bought a scroll of fear for 66 gold pieces
120002 | Vaults:5 | Bought a scroll of teleportation for 57 gold pieces
120075 | Vaults:5 | Gained mutation: Your spells are a little harder to cast, but a little more powerful. [a shining eye]
120742 | Zig:1    | Entered Level 1 of a ziggurat
120786 | Zig:2    | Entered Level 2 of a ziggurat
120801 | Zig:2    | Reached skill level 27 in Shields
120917 | Zig:3    | Entered Level 3 of a ziggurat
121002 | Zig:3    | Got a brightly glowing brass amulet
121076 | Zig:4    | Entered Level 4 of a ziggurat
121101 | Zig:4    | Identified Ynasmun's Volume of the Mutagenic Voyage
121108 | Zig:4    | Learned a level 2 spell: Passwall
121109 | Zig:5    | Entered Level 5 of a ziggurat
121114 | Zig:5    | Noticed Tiruzet the pandemonium lord
121135 | Zig:5    | Killed Tiruzet the pandemonium lord
121135 | Zig:5    | Reached skill level 10 in Charms
121268 | Zig:5    | Identified the amulet "Cifuferu" {RegenMP rF+} (You found it on level 3 of a ziggurat)
121330 | Zig:5    | Got a crude copper ring
121416 | Zig:6    | Entered Level 6 of a ziggurat
121721 | Zig:6    | Got an ichor-stained trident
121723 | Zig:6    | Identified the +9 trident of the Hidden Vale {flame, rC+ Int+5 Dex+3 Stlth-} (You found it on level 6 of a ziggurat)
121780 | Zig:7    | Entered Level 7 of a ziggurat
122007 | Zig:8    | Entered Level 8 of a ziggurat
122029 | Zig:8    | Reached skill level 10 in Evocations
122202 | Zig:8    | Identified the cursed ring of Descent {EV-3 Str+7 Int+4 Slay-6} (You found it on level 5 of a ziggurat)
122302 | Zig:9    | Entered Level 9 of a ziggurat
122317 | Zig:9    | Noticed an ancient lich
122318 | Zig:9    | Noticed an ancient lich
122339 | Zig:9    | Killed an ancient lich
122351 | Zig:9    | Killed from afar by an ancient lich

Skill      XL: |  1  2  3  4  5  6  7  8  9 10 11 12 13 14 15 16 17 18 19 20 21 22 23 24 25 26 27 |
---------------+----------------------------------------------------------------------------------+-----
Shields        | 4 5 6 7 8 9 11 13 14 15 16 17 19 20 21 22 23 24 25 27 | 27.0
Armour         | 4 5 6 7 8 10 11 12 13 15 16 17 18 19 20 | 20.0
Axes           | 3 4 5 6 7 9 10 11 13 15 16 17 18 19 20 21 22 23 24 25 26 27 | 27.0
Fighting       | 4 5 6 7 8 10 11 12 14 15 16 17 18 19 20 21 22 24 | 24.2
Dodging        | 1 2 3 4 5 6 |  6.6
Polearms       | 6 7 8 10 | 10.0
Stealth        | 1 2 |  2.4
Evocations     | 1 2 3 5 7 10 | 10.1
Spellcasting   | 2 3 5 6 7 8 9 10 | 10.6
Charms         | 2 4 5 6 7 9 10 | 10.2
Translocations | 2 4 6 7 8 9 11 | 11.1
Unarmed Combat | |  0.4

Action                   |  1- 3 |  4- 6 |  7- 9 | 10-12 | 13-15 | 16-18 | 19-21 | 22-24 | 25-27 || total
-------------------------+-------+-------+-------+-------+-------+-------+-------+-------+-------++-------
Melee: War axe           |    65 |   247 |   246 |   130 |   607 |    61 |   628 |     9 |       ||  1993
       Headbutt          |    11 |    33 |    77 |   186 |   568 |   692 |   692 |   545 |   607 ||  3411
       Trident           |       |       |   105 |   698 |  1164 |  1111 |       |     4 |       ||  3082
       Unarmed           |       |       |       |     1 |       |       |       |       |       ||     1
       Punch             |       |       |       |       |     1 |       |       |       |       ||     1
       Broad axe         |       |       |       |       |       |  1349 |  1815 |  1873 |  2040 ||  7077
       Demon trident     |       |       |       |       |       |   107 |       |     7 |       ||   114
       Battleaxe         |       |       |       |       |       |     2 |       |       |       ||     2
 Cast: Blink             |       |       |       |       |       |       |     1 |     5 |     4 ||    10
 Abil: Evoke Flight      |       |       |     1 |       |     6 |     2 |       |       |       ||     9
Evoke: Wand              |       |       |       |     2 |     1 |       |     1 |     1 |     4 ||     9
       Lamp of fire      |       |       |       |       |       |     2 |     2 |     1 |     2 ||     7
       Lightning rod     |       |       |       |       |       |       |       |     4 |       ||     4
  Use: Scroll            |       |     2 |     4 |     4 |    12 |    20 |     8 |     6 |    18 ||    74
       Potion            |       |     1 |     1 |     2 |       |    13 |     8 |       |     4 ||    29
 Stab: Held in net/web   |       |       |       |       |       |       |     2 |       |       ||     2
       Distracted        |       |       |       |       |       |       |     1 |     2 |     1 ||     4
  Eat: Chunk             |       |     8 |    12 |    18 |    39 |    39 |    26 |    41 |    13 ||   196
       Bread ration      |       |     1 |       |       |       |     6 |       |       |       ||     7
       Fruit             |       |       |     1 |     9 |     5 |     5 |     3 |     2 |    10 ||    35
       Royal jelly       |       |       |       |     2 |     7 |     5 |       |     2 |     7 ||    23
       Meat ration       |       |       |       |       |       |     2 |     5 |     8 |     9 ||    24
Armor: Scale mail        |    24 |    35 |       |       |       |       |       |       |       ||    59
       Chain mail        |       |   112 |   157 |   193 |   157 |     8 |       |       |       ||   627
       Crystal plate arm |       |       |       |   195 |   782 |  1390 |   295 |       |       ||  2662
       Leather armour    |       |       |       |       |       |     2 |       |       |       ||     2
       Plate armour      |       |       |       |       |       |       |   433 |   642 |   766 ||  1841
       Ring mail         |       |       |       |       |       |       |     5 |       |       ||     5
Dodge: Dodged            |    11 |    52 |    73 |   176 |   414 |  1011 |   816 |   718 |   785 ||  4056
Block: Shield            |    25 |   125 |   184 |   457 |   712 |   706 |       |       |       ||  2209
       Large shield      |       |       |       |       |       |  1820 |  2614 |  2345 |  2485 ||  9264
